Lightning vs Devils

Created - April 14, 2022 at 19:07

Goals
1 2 3 T
Lightning 0 1 4 5
Devils 3 2 3 8
Shots
1 2 3 T
Lightning 7 11 10 28
Devils 17 12 9 38

1st period

1. Devils , Marek Svatos 10 (Jonathan Huberdeau 19, Aleksander Barkov 23) at 3:11
2. Devils , Nazem Kadri 31 (Marian Gaborik 27, Michael Del Zotto 23) at 12:00 (PP)
3. Devils , Tyler Ennis 29 (Nazem Kadri 36) at 18:17

Penalties :
Justin Schultz (T.B) for Slashing (Minor) at 10:51, Kyle Clifford (T.B) for Tripping (Minor) at 18:36

2nd period

4. Devils , Aleksander Barkov 9 (Jonathan Huberdeau 20) at 13:36
5. Devils , Eric Tangradi 7 (Mike Weber 1, Miikka Salomaki 4) at 17:24
6. Lightning , Brandon Sutter 13 (Cody Goloubef 6, Roman Josi 3) at 19:25

Penalties :
Jonathan Huberdeau (N.J) for Goalie Interference (Minor) at 2:21

3rd period

7. Lightning , Brandon Sutter 14 (Kevin Shattenkirk 30, Brent Seabrook 14) at 1:59
8. Devils , Michael Del Zotto 8 (Zach Parise 14, Jamie Arniel 20) at 3:23
9. Lightning , Kyle Clifford 29 (Brent Seabrook 15, James Neal 6) at 5:20 (PP)
10. Devils , Jonathan Huberdeau 17 (Aleksander Barkov 24) at 6:20
11. Lightning , Brandon Sutter 15 (Brent Seabrook 16) at 12:37
12. Lightning , Nick Bjugstad 18 (Brandon Sutter 17) at 16:55
13. Devils , Kristopher Letang 12 (Marian Gaborik 28, Nazem Kadri 37) at 19:41 (PP)

Penalties :
Michael Del Zotto (N.J) for Hooking (Minor) at 0:58, James Neal (T.B) for Interference (Minor) at 1:02, Tyler Ennis (N.J) for Holding (Minor) at 5:04, Nick Bjugstad (T.B) for Hooking (Minor) at 19:03

Goalie Stats

Alex Nedeljkovic (T.B), 3 saves from 4 shots - (0.750), 13:40 minutes
Jimmy Howard (T.B), 27 saves from 34 shots - (0.794), L, 17-17-4, 46:20 minutes
Maxime Daigneault (N.J), 23 saves from 28 shots - (0.821), W, 24-14-5, 60:00 minutes

Players Stats for Lightning

Player Name              G  A  P  +/- PIM S  H  SB GA TA FO     MP     PP MP  PK MP  
------------------------------------------------------------------------------------
Alex Killorn             0  0  0   0  0   0  0  0  0  0  0/0     2:28   0:00   0:37 
Brandon Sutter           3  1  4   3  0   5  1  1  1  0  9/18   18:24   0:57   1:11 
Brent Seabrook           0  3  3  -3  0   1  1  0  1  2  0/0    30:29   1:38   2:38 
Cody Goloubef            0  1  1   1  0   0  0  1  0  0  0/0    11:28   0:00   0:00 
Conor Sheary             0  0  0  -3  0   0  1  1  0  0  2/3    13:46   0:00   1:05 
Erik Christensen         0  0  0  -4  0   2  2  0  0  0  2/10   13:26   0:00   0:11 
James Neal               0  1  1  -2  2   1  1  0  0  0  2/5    19:22   1:21   0:24 
Jesper Fast              0  0  0   0  0   0  0  0  0  0  0/0     5:47   0:00   0:00 
Jimmy Vesey              0  0  0  -3  0   1  0  0  1  0  0/1    12:41   0:00   0:00 
Justin Schultz           0  0  0   0  2   1  0  2  0  0  0/0    18:02   0:41   1:12 
Kevin Shattenkirk        0  1  1  -3  0   1  0  1  2  2  0/0    30:29   1:38   2:38 
Kyle Clifford            1  0  1  -1  2   12 2  1  0  1  5/13   26:17   1:22   1:23 
Mark Scheifele           0  0  0  -1  0   2  2  3  0  0  15/31  22:49   1:22   2:49 
Nick Bjugstad            1  0  1   2  2   1  0  0  0  2  0/0    16:42   0:57   0:00 
Ondrej Palat             0  0  0   0  0   0  1  1  0  0  0/0     5:47   0:00   0:00 
Roman Josi               0  1  1   1  0   0  0  0  0  0  0/0    11:28   0:00   0:00 
Sergei Shirokov          0  0  0   2  0   1  1  0  0  0  0/0    16:43   0:57   0:00 
Shayne Gostisbehere      0  0  0   0  0   0  0  0  0  0  0/0    18:03   0:41   1:12 

Players Stats for Devils

Player Name              G  A  P  +/- PIM S  H  SB GA TA FO     MP     PP MP  PK MP  
------------------------------------------------------------------------------------
Aleksander Barkov        1  2  3   2  0   3  1  0  0  0  7/16   13:27   0:53   0:00 
Anton Lander             0  0  0   0  0   0  1  0  0  0  2/4     7:42   0:00   0:34 
Anton Stralman           0  0  0  -1  0   1  4  0  0  0  0/0    23:10   0:45   1:19 
Brian McGrattan          0  0  0  -1  0   0  4  1  1  0  1/1    15:00   0:00   0:34 
Eric Tangradi            1  0  1   0  0   3  0  0  0  0  0/0     7:51   0:00   0:25 
Jamie Arniel             0  1  1   0  0   0  1  0  1  0  6/17   16:28   0:04   1:20 
Jonathan Huberdeau       1  2  3   1  2   3  1  0  0  1  1/2    14:09   0:53   0:00 
Kristopher Letang        1  0  1  -1  0   3  0  4  0  1  0/0    24:11   3:01   0:00 
Marek Svatos             1  0  1   2  0   3  1  1  0  0  0/0    13:27   0:53   0:00 
Marian Gaborik           0  2  2   1  0   3  2  0  1  0  1/1    20:01   2:53   0:00 
Matt Donovan             0  0  0   0  0   0  3  1  2  0  0/0    16:49   0:04   1:19 
Michael Del Zotto        1  1  2   4  2   1  0  0  1  0  0/0    21:45   3:05   1:00 
Miikka Salomaki          0  1  1   0  0   0  0  0  0  0  0/0     7:08   0:00   0:00 
Mike Weber               0  1  1   3  0   1  1  1  0  0  0/0    19:30   0:04   1:00 
Nazem Kadri              1  2  3   1  0   6  0  1  0  1  26/38  21:16   2:53   0:00 
Thomas Hickey            0  0  0   0  0   1  0  0  0  0  0/0    15:00   0:45   0:00 
Tyler Ennis              1  0  1   1  2   7  1  1  1  0  2/2    22:00   2:53   0:25 
Zach Parise              0  1  1  -1  0   3  0  0  0  2  0/0    16:49   0:04   1:20 

3 Stars

1 - Brandon Sutter (T.B)
2 - Aleksander Barkov (N.J)
3 - Nazem Kadri (N.J)

Power Play

Lightning - 1 on 3 Attempt(s) - 33.33%
Devils - 2 on 4 Attempt(s) - 50.00%

Penalty Kill

Lightning - 2 on 4 Attempt(s) - 50.00% - Score 0 goal in Penalty Kill
Devils - 2 on 3 Attempt(s) - 66.67% - Score 0 goal in Penalty Kill

Team Stat

Lightning - Hits : 12 - Faceoff Wins : 35 - Blocked Shots : 11 - Penalty Minutes : 8
Devils - Hits : 20 - Faceoff Wins : 46 - Blocked Shots : 10 - Penalty Minutes : 6

Official

Referees : Reid Anderson and Steve Kozari
Linesman : Kiel Murchison and Julien Fournier

Game Notes

Alex Nedeljkovic enters game at 6:20 of 3rd period
Brandon Sutter has scored a Hat Trick!

Finance

Level 1 -- Attendance: 6000 (100.00%) -- Ticket Income $600,000
Level 2 -- Attendance: 5000 (100.00%) -- Ticket Income $300,000
Level 3 -- Attendance: 1956 (97.80%) -- Ticket Income $68,460
Level 4 -- Attendance: 3883 (97.08%) -- Ticket Income $97,075
Luxury Box -- Attendance: 1000 (100.00%) -- Ticket Income $200,000
Game was played at the Prudential Center.
Total Attendance: 17839 (99.11%)
Total Ticket Income: $1,265,535
Other Income: $189,830
Total Income: $1,455,365

Lightning

5 vs 5 Forward 
   Center                   Left Wing                Right Wing               Time % Phy DF OF 
 1 Mark Scheifele           Kyle Clifford            James Neal               40     1   2  2  
 2 Brandon Sutter           Sergei Shirokov          Nick Bjugstad            30     1   2  2  
 3 Erik Christensen         Jimmy Vesey              Conor Sheary             20     1   2  2  
 4 Kyle Clifford            Ondrej Palat             Jesper Fast              10     1   2  2  

5 vs 5 Defense 
   Defense                  Defense                                           Time % Phy DF OF 
 1 Kevin Shattenkirk        Brent Seabrook                                    40     1   2  2  
 2 Justin Schultz           Shayne Gostisbehere                               30     1   2  2  
 3 Cody Goloubef            Roman Josi                                        20     1   2  2  
 4 Kevin Shattenkirk        Brent Seabrook                                    10     1   2  2  

PowerPlay Forward 
   Center                   Left Wing                Right Wing               Time % Phy DF OF 
 1 Mark Scheifele           Kyle Clifford            James Neal               60     1   2  2  
 2 Brandon Sutter           Sergei Shirokov          Nick Bjugstad            40     1   2  2  

PowerPlay Defense
   Defense                  Defense                                           Time % Phy DF OF 
 1 Kevin Shattenkirk        Brent Seabrook                                    60     1   2  2  
 2 Justin Schultz           Shayne Gostisbehere                               40     1   2  2  

Penalty Kill 4 Players Forward 
   Center                   Wing                     Time % Phy DF OF 
 1 Kyle Clifford            Mark Scheifele           60     1   2  2  
 2 Brandon Sutter           James Neal               40     1   2  2  

Penalty Kill 4 Players Defense
   Defense                  Defense                  Time % Phy DF OF 
 1 Kevin Shattenkirk        Brent Seabrook           60     1   2  2  
 2 Justin Schultz           Shayne Gostisbehere      40     1   2  2  

Penalty Kill - 3 Players Forward 
   Forward                                           Time % Phy DF OF 
 1 Kyle Clifford                                     60     1   2  2  
 2 Mark Scheifele                                    40     1   2  2  

Penalty Kill - 3 Players Defense
   Defense                  Defense                  Time % Phy DF OF 
 1 Kevin Shattenkirk        Brent Seabrook           60     1   2  2  
 2 Justin Schultz           Shayne Gostisbehere      40     1   2  2  

4 vs 4 Forward 
   Center                   Wing                     Time % Phy DF OF 
 1 Kyle Clifford            Mark Scheifele           60     1   2  2  
 2 Brandon Sutter           James Neal               40     1   2  2  

4 vs 4 Defense
   Defense                  Defense                  Time % Phy DF OF 
 1 Kevin Shattenkirk        Brent Seabrook           60     1   2  2  
 2 Justin Schultz           Shayne Gostisbehere      40     1   2  2  

Last Minutes Offensive
   Center                   Left Wing                Right Wing               Defense                  Defense                  
   Mark Scheifele           Kyle Clifford            James Neal               Kevin Shattenkirk        Brent Seabrook           

Last Minutes Defensive
   Center                   Left Wing                Right Wing               Defense                  Defense                  
   Mark Scheifele           Kyle Clifford            James Neal               Kevin Shattenkirk        Brent Seabrook           

Goaltenders
Starting : Jimmy Howard             
Backup : Alex Nedeljkovic         

Extra Forwards
Normal : Alex Killorn, Erik Christensen, Conor Sheary - PP : Alex Killorn, Erik Christensen - PK : Conor Sheary
Extra Defensemen
Normal : Cody Goloubef, Roman Josi, Justin Schultz - PP : Cody Goloubef - PK : Roman Josi, Justin Schultz
Penalty Shots
Kyle Clifford, Mark Scheifele, Brandon Sutter, James Neal, Sergei Shirokov

Scratches
Brayden Point (Healthy), Derek Meech (Strained Right Elbow Injury), Joni Pitkanen (Abdomen/Ribs Injury), Nikolaj Ehlers (Healthy), Oscar Sundqvist (Healthy)

Devils

5 vs 5 Forward 
   Center                   Left Wing                Right Wing               Time % Phy DF OF 
 1 Nazem Kadri              Tyler Ennis              Marian Gaborik           34     0   2  3  
 2 Jamie Arniel             Zach Parise              Brian McGrattan          30     0   3  2  
 3 Aleksander Barkov        Jonathan Huberdeau       Marek Svatos             26     0   2  3  
 4 Anton Lander             Eric Tangradi            Miikka Salomaki          10     0   2  3  

5 vs 5 Defense 
   Defense                  Defense                                           Time % Phy DF OF 
 1 Anton Stralman           Kristopher Letang                                 38     0   3  2  
 2 Michael Del Zotto        Mike Weber                                        34     0   3  2  
 3 Matt Donovan             Thomas Hickey                                     28     0   3  2  
 4 Anton Stralman           Kristopher Letang                                 0      0   3  2  

PowerPlay Forward 
   Center                   Left Wing                Right Wing               Time % Phy DF OF 
 1 Nazem Kadri              Tyler Ennis              Marian Gaborik           60     0   1  4  
 2 Aleksander Barkov        Jonathan Huberdeau       Marek Svatos             40     0   1  4  

PowerPlay Defense
   Defense                  Defense                                           Time % Phy DF OF 
 1 Michael Del Zotto        Kristopher Letang                                 60     0   2  3  
 2 Anton Stralman           Thomas Hickey                                     40     0   2  3  

Penalty Kill 4 Players Forward 
   Center                   Wing                     Time % Phy DF OF 
 1 Jamie Arniel             Zach Parise              60     1   4  0  
 2 Anton Lander             Brian McGrattan          40     1   4  0  

Penalty Kill 4 Players Defense
   Defense                  Defense                  Time % Phy DF OF 
 1 Anton Stralman           Matt Donovan             60     1   4  0  
 2 Mike Weber               Michael Del Zotto        40     1   4  0  

Penalty Kill - 3 Players Forward 
   Forward                                           Time % Phy DF OF 
 1 Tyler Ennis                                       60     0   4  1  
 2 Jamie Arniel                                      40     0   4  1  

Penalty Kill - 3 Players Defense
   Defense                  Defense                  Time % Phy DF OF 
 1 Anton Stralman           Kristopher Letang        60     1   4  0  
 2 Michael Del Zotto        Mike Weber               40     1   4  0  

4 vs 4 Forward 
   Center                   Wing                     Time % Phy DF OF 
 1 Nazem Kadri              Tyler Ennis              60     0   2  3  
 2 Jamie Arniel             Zach Parise              40     0   2  3  

4 vs 4 Defense
   Defense                  Defense                  Time % Phy DF OF 
 1 Anton Stralman           Kristopher Letang        60     0   3  2  
 2 Michael Del Zotto        Mike Weber               40     0   3  2  

Last Minutes Offensive
   Center                   Left Wing                Right Wing               Defense                  Defense                  
   Nazem Kadri              Tyler Ennis              Marian Gaborik           Michael Del Zotto        Kristopher Letang        

Last Minutes Defensive
   Center                   Left Wing                Right Wing               Defense                  Defense                  
   Jamie Arniel             Zach Parise              Brian McGrattan          Anton Stralman           Kristopher Letang        

Goaltenders
Starting : Maxime Daigneault        
Backup : Thomas McCollum          

Extra Forwards
Normal : Jonathan Huberdeau, Zach Parise, Aleksander Barkov - PP : Zach Parise, Jamie Arniel - PK : Tyler Ennis
Extra Defensemen
Normal : Kristopher Letang, Matt Donovan, Mike Weber - PP : Anton Stralman - PK : Kristopher Letang, Matt Donovan
Penalty Shots
Nazem Kadri, Tyler Ennis, Marian Gaborik, Aleksander Barkov, Jamie Arniel

Scratches
Chris Stewart (Healthy), Mark Fistric (Dislocated Patella Injury)

% Time on Ice - Lightning

Lines # - Real PCT - Wanted PCT - Time Play
Normal Forward
1 - 34% - 40% - 17:42
2 - 30% - 30% - 15:46
3 - 24% - 20% - 12:41
4 - 11% - 10% - 5:47
Normal Defense
1 - 42% - 40% - 21:43
2 - 30% - 30% - 15:31
3 - 22% - 20% - 11:28
4 - 6% - 10% - 3:14
PP Forward
1 - 59% - 60% - 1:22
2 - 41% - 40% - 0:57
PP Defense
1 - 71% - 60% - 1:38
2 - 29% - 40% - 0:41
PK Forward
1 - 90% - 60% - 3:26
2 - 10% - 40% - 0:24
PK Defense
1 - 69% - 60% - 2:38
2 - 31% - 40% - 1:12
PK3 Forward
1 - 0% - 60%
2 - 0% - 40%
PK3 Defense
1 - 0% - 60%
2 - 0% - 40%
44 Forward
1 - 78% - 60% - 1:30
2 - 22% - 40% - 0:25
44 Defense
1 - 66% - 60% - 1:16
2 - 34% - 40% - 0:39
Last Minute Offensive  - 0:00
Last Minute Defensive  - 0:00
Total
Forward - 60:00
Defense - 60:00

% Time on Ice - Devils

Lines # - Real PCT - Wanted PCT - Time Play
Normal Forward
1 - 34% - 34% - 17:26
2 - 29% - 30% - 14:52
3 - 24% - 26% - 12:30
4 - 14% - 10% - 7:08
Normal Defense
1 - 39% - 38% - 20:04
2 - 34% - 34% - 17:37
3 - 27% - 28% - 14:15
4 - 0% - 0% - 0:00
PP Forward
1 - 75% - 60% - 2:53
2 - 25% - 40% - 0:57
PP Defense
1 - 79% - 60% - 3:01
2 - 21% - 40% - 0:49
PK Forward
1 - 76% - 60% - 1:45
2 - 24% - 40% - 0:34
PK Defense
1 - 57% - 60% - 1:19
2 - 43% - 40% - 1:00
PK3 Forward
1 - 0% - 60%
2 - 0% - 40%
PK3 Defense
1 - 0% - 60%
2 - 0% - 40%
44 Forward
1 - 86% - 60% - 1:39
2 - 14% - 40% - 0:16
44 Defense
1 - 57% - 60% - 1:06
2 - 43% - 40% - 0:49
Last Minute Offensive  - 0:00
Last Minute Defensive  - 0:00
Total
Forward - 60:00
Defense - 60:00

Play-by-Play

1st period


0:01 of 1st period - Nazem Kadri wins face-off versus Mark Scheifele in neutral zone.
0:26 of 1st period - Brandon Sutter is hit by Anton Stralman.
1:06 of 1st period - Wrist shot by Jonathan Huberdeau.
1:06 of 1st period - Shot Blocked by Ondrej Palat.
1:50 of 1st period - Wrist shot by Mark Scheifele.
1:50 of 1st period - Shot Misses the Net.
2:55 of 1st period - Wrist shot by Nazem Kadri.
2:55 of 1st period - Shot Blocked by Brandon Sutter.
2:57 of 1st period - Snap shot by Nazem Kadri.
2:57 of 1st period - Stopped by Jimmy Howard without a rebound.
2:58 of 1st period - Aleksander Barkov wins face-off versus Jimmy Vesey in Lightning zone.
3:11 of 1st period - Snap shot by Marek Svatos.
3:11 of 1st period - Goal by Marek Svatos - Lightning : 0 - Devils : 1.
3:12 of 1st period - Mark Scheifele wins face-off versus Nazem Kadri in neutral zone.
3:19 of 1st period - Snap shot by Kyle Clifford.
3:19 of 1st period - Shot Blocked by Nazem Kadri.
3:21 of 1st period - Slapshot by Brent Seabrook.
3:21 of 1st period - Deflect By Mark Scheifele.
3:21 of 1st period - Shot Blocked by Matt Donovan.
3:21 of 1st period - Puck is out of play.
3:22 of 1st period - Nazem Kadri wins face-off versus James Neal in Devils zone.
3:37 of 1st period - Marian Gaborik is hit by James Neal and loses puck.
3:50 of 1st period - Snap shot by Kyle Clifford.
3:50 of 1st period - Stopped by Maxime Daigneault with a rebound.
4:02 of 1st period - Snap shot by Kyle Clifford.
4:02 of 1st period - Stopped by Maxime Daigneault without a rebound.
4:03 of 1st period - Jamie Arniel wins face-off versus Brandon Sutter in Devils zone.
4:46 of 1st period - Off-side.
4:47 of 1st period - Kyle Clifford wins face-off versus Anton Lander in neutral zone.
5:12 of 1st period - Zach Parise is hit by Sergei Shirokov.
5:16 of 1st period - Brent Seabrook is hit by Brian McGrattan and loses puck.
5:27 of 1st period - Nick Bjugstad is hit by Mike Weber.
5:39 of 1st period - Wrist shot by Jimmy Vesey.
5:39 of 1st period - Shot Misses the Net.
5:41 of 1st period - Wrist shot by Erik Christensen.
5:41 of 1st period - Deflect By Jimmy Vesey.
5:41 of 1st period - Shot Misses the Net.
5:41 of 1st period - Puck is out of play.
5:42 of 1st period - Erik Christensen wins face-off versus Aleksander Barkov in Devils zone.
5:57 of 1st period - Snap shot by Jonathan Huberdeau.
5:57 of 1st period - Shot Blocked by Conor Sheary.
6:04 of 1st period - Icing by Conor Sheary.
6:05 of 1st period - Nazem Kadri wins face-off versus Erik Christensen in Lightning zone.
6:14 of 1st period - Wrist shot by Zach Parise.
6:14 of 1st period - Stopped by Jimmy Howard without a rebound.
6:15 of 1st period - James Neal wins face-off versus Jamie Arniel in Lightning zone.
6:15 of 1st period - James Neal is hit by Matt Donovan.
6:21 of 1st period - Wrist shot by Kyle Clifford.
6:21 of 1st period - Stopped by Maxime Daigneault without a rebound.
6:22 of 1st period - Nazem Kadri wins face-off versus Mark Scheifele in Devils zone.
6:31 of 1st period - Snap shot by Nazem Kadri.
6:31 of 1st period - Deflect By Tyler Ennis.
6:31 of 1st period - Shot Misses the Net.
6:31 of 1st period - Puck is out of play.
6:32 of 1st period - Mark Scheifele wins face-off versus Nazem Kadri in Lightning zone.
6:56 of 1st period - Snap shot by Nazem Kadri.
6:56 of 1st period - Stopped by Jimmy Howard with a rebound.
6:58 of 1st period - Wrist shot by Marian Gaborik.
6:58 of 1st period - Shot Misses the Net.
7:04 of 1st period - Slapshot by Nazem Kadri.
7:04 of 1st period - Shot Misses the Net.
7:06 of 1st period - Snap shot by Tyler Ennis.
7:06 of 1st period - Stopped by Jimmy Howard with a rebound.
7:08 of 1st period - Slapshot by Nazem Kadri.
7:08 of 1st period - Stopped by Jimmy Howard without a rebound.
7:09 of 1st period - Brandon Sutter wins face-off versus Jamie Arniel in Lightning zone.
7:22 of 1st period - Snap shot by Brandon Sutter.
7:22 of 1st period - Shot Blocked by Mike Weber.
7:47 of 1st period - Slapshot by Jimmy Vesey.
7:47 of 1st period - Shot Misses the Net.
8:01 of 1st period - Mike Weber is hit by Kyle Clifford and loses puck.
8:16 of 1st period - Wrist shot by Michael Del Zotto.
8:16 of 1st period - Shot Misses the Net.
8:18 of 1st period - Snap shot by Mike Weber.
8:18 of 1st period - Stopped by Jimmy Howard without a rebound.
8:19 of 1st period - Nazem Kadri wins face-off versus Mark Scheifele in Lightning zone.
8:36 of 1st period - Snap shot by Nazem Kadri.
8:36 of 1st period - Shot Misses the Net.
8:38 of 1st period - Wrist shot by Nazem Kadri.
8:38 of 1st period - Stopped by Jimmy Howard without a rebound.
8:39 of 1st period - Brandon Sutter wins face-off versus Jamie Arniel in Lightning zone.
8:39 of 1st period - Brandon Sutter is hit by Jamie Arniel.
10:02 of 1st period - Wrist shot by Brandon Sutter.
10:02 of 1st period - Stopped by Maxime Daigneault without a rebound.
10:03 of 1st period - Brian McGrattan wins face-off versus Mark Scheifele in Devils zone.
10:03 of 1st period - Brian McGrattan is hit by Mark Scheifele.
10:34 of 1st period - Snap shot by Zach Parise.
10:34 of 1st period - Shot Hit the Post.
10:46 of 1st period - Slapshot by Zach Parise.
10:46 of 1st period - Shot Blocked by Justin Schultz.
10:51 of 1st period - Minor Penalty to Justin Schultz for Slashing.
10:52 of 1st period - Tyler Ennis wins face-off versus Kyle Clifford in Lightning zone.
10:54 of 1st period - Backhand shot by Tyler Ennis.
10:54 of 1st period - Deflect By Nazem Kadri.
10:54 of 1st period - Shot Misses the Net.
10:54 of 1st period - Puck is out of play.
10:55 of 1st period - Nazem Kadri wins face-off versus Kyle Clifford in Lightning zone.
10:58 of 1st period - Slapshot by Marian Gaborik.
10:58 of 1st period - Stopped by Jimmy Howard without a rebound.
10:59 of 1st period - Kyle Clifford wins face-off versus Nazem Kadri in Lightning zone.
11:09 of 1st period - Icing by Nazem Kadri.
11:10 of 1st period - Nazem Kadri wins face-off versus Kyle Clifford in Devils zone.
11:44 of 1st period - Wrist shot by Marian Gaborik.
11:44 of 1st period - Shot Misses the Net.
12:00 of 1st period - Snap shot by Nazem Kadri.
12:00 of 1st period - Goal by Nazem Kadri - Lightning : 0 - Devils : 2.
12:01 of 1st period - Mark Scheifele wins face-off versus Aleksander Barkov in neutral zone.
12:04 of 1st period - Snap shot by Kyle Clifford.
12:04 of 1st period - Stopped by Maxime Daigneault with a rebound.
12:10 of 1st period - Backhand shot by Marek Svatos.
12:10 of 1st period - Stopped by Jimmy Howard without a rebound.
12:11 of 1st period - Aleksander Barkov wins face-off versus Mark Scheifele in Lightning zone.
12:16 of 1st period - Snap shot by Jonathan Huberdeau.
12:16 of 1st period - Shot Misses the Net.
12:30 of 1st period - Snap shot by Jonathan Huberdeau.
12:30 of 1st period - Shot Misses the Net.
12:32 of 1st period - Slapshot by Thomas Hickey.
12:32 of 1st period - Deflect By Jonathan Huberdeau.
12:32 of 1st period - Shot Misses the Net.
12:32 of 1st period - Puck is out of play.
12:33 of 1st period - Brandon Sutter wins face-off versus Nazem Kadri in Lightning zone.
12:46 of 1st period - Snap shot by Nick Bjugstad.
12:46 of 1st period - Shot Misses the Net.
12:48 of 1st period - Slapshot by Brent Seabrook.
12:48 of 1st period - Deflect By Tyler Ennis.
12:48 of 1st period - Stopped by Maxime Daigneault without a rebound.
12:49 of 1st period - Mark Scheifele wins face-off versus Aleksander Barkov in Devils zone.
13:00 of 1st period - Snap shot by Mark Scheifele.
13:00 of 1st period - Stopped by Maxime Daigneault without a rebound.
13:01 of 1st period - Marian Gaborik wins face-off versus Brandon Sutter in Devils zone.
13:27 of 1st period - Brent Seabrook is hit by Brian McGrattan and loses puck.
13:50 of 1st period - Backhand shot by Aleksander Barkov.
13:50 of 1st period - Stopped by Jimmy Howard without a rebound.
13:51 of 1st period - Jonathan Huberdeau wins face-off versus Erik Christensen in Lightning zone.
14:18 of 1st period - Nick Bjugstad is hit by Marian Gaborik and loses puck.
15:33 of 1st period - Sergei Shirokov is hit by Anton Stralman and loses puck.
15:46 of 1st period - Jesper Fast is hit by Marian Gaborik and loses puck.
16:13 of 1st period - Shayne Gostisbehere is hit by Brian McGrattan and loses puck.
16:30 of 1st period - James Neal is hit by Matt Donovan and loses puck.
17:15 of 1st period - Nazem Kadri is hit by Conor Sheary.
17:46 of 1st period - Icing by Anton Stralman.
17:47 of 1st period - Brandon Sutter wins face-off versus Jamie Arniel in Devils zone.
18:05 of 1st period - Backhand shot by Zach Parise.
18:05 of 1st period - Stopped by Jimmy Howard with a rebound.
18:07 of 1st period - Slapshot by Anton Stralman.
18:07 of 1st period - Deflect By Shayne Gostisbehere.
18:07 of 1st period - Stopped by Jimmy Howard with a rebound.
18:09 of 1st period - Snap shot by Jamie Arniel.
18:09 of 1st period - Shot Misses the Net.
18:11 of 1st period - Slapshot by Kristopher Letang.
18:11 of 1st period - Stopped by Jimmy Howard with a rebound.
18:13 of 1st period - Slapshot by Kristopher Letang.
18:13 of 1st period - Stopped by Jimmy Howard without a rebound.
18:14 of 1st period - Nazem Kadri wins face-off versus Mark Scheifele in Lightning zone.
18:17 of 1st period - Snap shot by Tyler Ennis.
18:17 of 1st period - Goal by Tyler Ennis - Lightning : 0 - Devils : 3.
18:18 of 1st period - Nazem Kadri wins face-off versus Mark Scheifele in neutral zone.
18:36 of 1st period - Minor Penalty to Kyle Clifford for Tripping.
18:37 of 1st period - Nazem Kadri wins face-off versus Conor Sheary in Lightning zone.
19:03 of 1st period - Marek Svatos is hit by Mark Scheifele and loses puck.
Goals for this period are 0 for Lightning vs 3 for Devils.
Shots for this period are 7 for Lightning vs 17 for Devils.

2nd period


0:01 of 2nd period - Conor Sheary wins face-off versus Nazem Kadri in neutral zone.
0:36 of 2nd period - Penalty to Kyle Clifford is over, Kyle Clifford is back on ice.
0:53 of 2nd period - Slapshot by Justin Schultz.
0:53 of 2nd period - Shot Misses the Net.
1:43 of 2nd period - Nick Bjugstad is hit by Tyler Ennis and loses puck.
1:56 of 2nd period - Wrist shot by Brandon Sutter.
1:56 of 2nd period - Stopped by Maxime Daigneault without a rebound.
1:57 of 2nd period - Aleksander Barkov wins face-off versus Mark Scheifele in Devils zone.
2:21 of 2nd period - Minor Penalty to Jonathan Huberdeau for Goalie Interference.
2:22 of 2nd period - Jamie Arniel wins face-off versus Mark Scheifele in Devils zone.
2:32 of 2nd period - Kevin Shattenkirk is hit by Matt Donovan and loses puck.
4:09 of 2nd period - Nick Bjugstad is hit by Anton Lander and loses puck.
4:21 of 2nd period - Penalty to Jonathan Huberdeau is over, Jonathan Huberdeau is back on ice.
4:38 of 2nd period - Off-side.
4:39 of 2nd period - Aleksander Barkov wins face-off versus Erik Christensen in neutral zone.
4:50 of 2nd period - Backhand shot by Jonathan Huberdeau.
4:50 of 2nd period - Stopped by Jimmy Howard without a rebound.
4:51 of 2nd period - Mark Scheifele wins face-off versus Nazem Kadri in Lightning zone.
6:15 of 2nd period - Snap shot by Eric Tangradi.
6:15 of 2nd period - Stopped by Jimmy Howard without a rebound.
6:16 of 2nd period - Nazem Kadri wins face-off versus Brandon Sutter in Lightning zone.
6:17 of 2nd period - Snap shot by Tyler Ennis.
6:17 of 2nd period - Stopped by Jimmy Howard without a rebound.
6:18 of 2nd period - Brandon Sutter wins face-off versus Nazem Kadri in Lightning zone.
6:46 of 2nd period - Snap shot by Kyle Clifford.
6:46 of 2nd period - Stopped by Maxime Daigneault with a rebound.
6:48 of 2nd period - Snap shot by James Neal.
6:48 of 2nd period - Stopped by Maxime Daigneault without a rebound.
6:49 of 2nd period - Mark Scheifele wins face-off versus Jamie Arniel in Devils zone.
7:07 of 2nd period - James Neal is hit by Brian McGrattan and loses puck.
8:31 of 2nd period - Slapshot by Zach Parise.
8:31 of 2nd period - Shot Blocked by Kevin Shattenkirk.
8:46 of 2nd period - Wrist shot by Kyle Clifford.
8:46 of 2nd period - Stopped by Maxime Daigneault without a rebound.
8:47 of 2nd period - Mark Scheifele wins face-off versus Nazem Kadri in Devils zone.
8:48 of 2nd period - Wrist shot by Kyle Clifford.
8:48 of 2nd period - Stopped by Maxime Daigneault without a rebound.
8:49 of 2nd period - Nazem Kadri wins face-off versus James Neal in Devils zone.
9:00 of 2nd period - Snap shot by Nazem Kadri.
9:00 of 2nd period - Shot Blocked by Kyle Clifford.
9:02 of 2nd period - Wrist shot by Mike Weber.
9:02 of 2nd period - Deflect By Tyler Ennis.
9:02 of 2nd period - Shot Misses the Net.
9:02 of 2nd period - Puck is out of play.
9:03 of 2nd period - Nazem Kadri wins face-off versus Brandon Sutter in Lightning zone.
9:58 of 2nd period - Slapshot by Jamie Arniel.
9:58 of 2nd period - Shot Misses the Net.
10:52 of 2nd period - Kyle Clifford is hit by Aleksander Barkov and loses puck.
11:31 of 2nd period - Icing by Anton Lander.
11:32 of 2nd period - Anton Lander wins face-off versus Kyle Clifford in Devils zone.
12:12 of 2nd period - Backhand shot by Anton Lander.
12:12 of 2nd period - Deflect By Eric Tangradi.
12:12 of 2nd period - Stopped by Jimmy Howard without a rebound.
12:13 of 2nd period - Nazem Kadri wins face-off versus Brandon Sutter in Lightning zone.
12:14 of 2nd period - Wrist shot by Marian Gaborik.
12:14 of 2nd period - Shot Misses the Net.
12:42 of 2nd period - Off-side.
12:43 of 2nd period - Mark Scheifele wins face-off versus Jamie Arniel in neutral zone.
12:56 of 2nd period - Snap shot by Anton Stralman.
12:56 of 2nd period - Shot Blocked by Mark Scheifele.
12:58 of 2nd period - Snap shot by Zach Parise.
12:58 of 2nd period - Stopped by Jimmy Howard with a rebound.
13:10 of 2nd period - Snap shot by Erik Christensen.
13:10 of 2nd period - Stopped by Maxime Daigneault with a rebound.
13:12 of 2nd period - Wrist shot by Cody Goloubef.
13:12 of 2nd period - Shot Misses the Net.
13:20 of 2nd period - Wrist shot by Conor Sheary.
13:20 of 2nd period - Shot Misses the Net.
13:36 of 2nd period - Slapshot by Aleksander Barkov.
13:36 of 2nd period - Goal by Aleksander Barkov - Lightning : 0 - Devils : 4.
13:37 of 2nd period - Nazem Kadri wins face-off versus Mark Scheifele in neutral zone.
13:45 of 2nd period - Slapshot by Kevin Shattenkirk.
13:45 of 2nd period - Stopped by Maxime Daigneault without a rebound.
13:46 of 2nd period - Nazem Kadri wins face-off versus James Neal in Devils zone.
13:59 of 2nd period - Wrist shot by Tyler Ennis.
13:59 of 2nd period - Stopped by Jimmy Howard with a rebound.
14:01 of 2nd period - Snap shot by Tyler Ennis.
14:01 of 2nd period - Shot Blocked by Mark Scheifele.
14:03 of 2nd period - Snap shot by Marian Gaborik.
14:03 of 2nd period - Stopped by Jimmy Howard with a rebound.
14:23 of 2nd period - Wrist shot by James Neal.
14:23 of 2nd period - Shot Blocked by Tyler Ennis.
14:31 of 2nd period - Slapshot by Michael Del Zotto.
14:31 of 2nd period - Deflect By Tyler Ennis.
14:31 of 2nd period - Shot Misses the Net.
14:31 of 2nd period - Puck is out of play.
14:32 of 2nd period - Brandon Sutter wins face-off versus Aleksander Barkov in Lightning zone.
14:39 of 2nd period - Slapshot by Justin Schultz.
14:39 of 2nd period - Deflect By Brandon Sutter.
14:39 of 2nd period - Shot Misses the Net.
14:39 of 2nd period - Puck is out of play.
14:40 of 2nd period - Aleksander Barkov wins face-off versus Brandon Sutter in Devils zone.
14:49 of 2nd period - Snap shot by Aleksander Barkov.
14:49 of 2nd period - Shot Blocked by Justin Schultz.
14:51 of 2nd period - Snap shot by Aleksander Barkov.
14:51 of 2nd period - Stopped by Jimmy Howard with a rebound.
15:09 of 2nd period - Snap shot by Erik Christensen.
15:09 of 2nd period - Stopped by Maxime Daigneault without a rebound.
15:10 of 2nd period - Jamie Arniel wins face-off versus Erik Christensen in Devils zone.
15:10 of 2nd period - Jamie Arniel is hit by Erik Christensen.
15:16 of 2nd period - Michael Del Zotto is hit by Brent Seabrook and loses puck.
15:56 of 2nd period - Snap shot by Sergei Shirokov.
15:56 of 2nd period - Stopped by Maxime Daigneault without a rebound.
15:57 of 2nd period - Nazem Kadri wins face-off versus Brandon Sutter in Devils zone.
16:51 of 2nd period - Snap shot by Jimmy Vesey.
16:51 of 2nd period - Stopped by Maxime Daigneault without a rebound.
16:52 of 2nd period - Aleksander Barkov wins face-off versus Erik Christensen in Devils zone.
17:22 of 2nd period - Slapshot by Miikka Salomaki.
17:22 of 2nd period - Shot Misses the Net.
17:24 of 2nd period - Slapshot by Mike Weber.
17:24 of 2nd period - Deflect By Eric Tangradi.
17:24 of 2nd period - Goal by Eric Tangradi - Lightning : 0 - Devils : 5.
17:25 of 2nd period - Jamie Arniel wins face-off versus Mark Scheifele in neutral zone.
17:52 of 2nd period - Anton Stralman is hit by Erik Christensen and loses puck.
18:05 of 2nd period - Snap shot by Conor Sheary.
18:05 of 2nd period - Shot Blocked by Brian McGrattan.
19:05 of 2nd period - Wrist shot by Aleksander Barkov.
19:05 of 2nd period - Deflect By Jonathan Huberdeau.
19:05 of 2nd period - Stopped by Jimmy Howard with a rebound.
19:25 of 2nd period - Slapshot by Brandon Sutter.
19:25 of 2nd period - Goal by Brandon Sutter - Lightning : 1 - Devils : 5.
19:26 of 2nd period - Mark Scheifele wins face-off versus Jonathan Huberdeau in neutral zone.
19:35 of 2nd period - Snap shot by Aleksander Barkov.
19:35 of 2nd period - Deflect By Marek Svatos.
19:35 of 2nd period - Stopped by Jimmy Howard without a rebound.
19:36 of 2nd period - Mark Scheifele wins face-off versus Aleksander Barkov in Lightning zone.
19:48 of 2nd period - Off-side.
19:49 of 2nd period - Nazem Kadri wins face-off versus Mark Scheifele in neutral zone.
Goals for this period are 1 for Lightning vs 2 for Devils.
Shots for this period are 11 for Lightning vs 12 for Devils.

3rd period


0:01 of 3rd period - Jamie Arniel wins face-off versus Mark Scheifele in neutral zone.
0:45 of 3rd period - Off-side.
0:46 of 3rd period - Erik Christensen wins face-off versus Aleksander Barkov in neutral zone.
0:58 of 3rd period - Minor Penalty to Michael Del Zotto for Hooking.
0:59 of 3rd period - Mark Scheifele wins face-off versus Jamie Arniel in Devils zone.
1:02 of 3rd period - Minor Penalty to James Neal for Interference.
1:03 of 3rd period - Kyle Clifford wins face-off versus Nazem Kadri in Lightning zone.
1:07 of 3rd period - Snap shot by Tyler Ennis.
1:07 of 3rd period - Stopped by Jimmy Howard with a rebound.
1:09 of 3rd period - Snap shot by Nazem Kadri.
1:09 of 3rd period - Stopped by Jimmy Howard with a rebound.
1:11 of 3rd period - Snap shot by Tyler Ennis.
1:11 of 3rd period - Shot Misses the Net.
1:59 of 3rd period - Snap shot by Brandon Sutter.
1:59 of 3rd period - Goal by Brandon Sutter - Lightning : 2 - Devils : 5.
2:00 of 3rd period - Kyle Clifford wins face-off versus Nazem Kadri in neutral zone.
2:03 of 3rd period - Backhand shot by Mark Scheifele.
2:03 of 3rd period - Shot Blocked by Kristopher Letang.
2:58 of 3rd period - Penalty to Michael Del Zotto is over, Michael Del Zotto is back on ice.
3:02 of 3rd period - Penalty to James Neal is over, James Neal is back on ice.
3:23 of 3rd period - Snap shot by Michael Del Zotto.
3:23 of 3rd period - Goal by Michael Del Zotto - Lightning : 2 - Devils : 6.
3:24 of 3rd period - Nazem Kadri wins face-off versus Kyle Clifford in neutral zone.
3:37 of 3rd period - Slapshot by Nazem Kadri.
3:37 of 3rd period - Shot Misses the Net.
3:39 of 3rd period - Snap shot by Marian Gaborik.
3:39 of 3rd period - Stopped by Jimmy Howard without a rebound.
3:40 of 3rd period - Brandon Sutter wins face-off versus Aleksander Barkov in Lightning zone.
3:53 of 3rd period - Snap shot by Sergei Shirokov.
3:53 of 3rd period - Deflect By Brandon Sutter.
3:53 of 3rd period - Shot Misses the Net.
3:53 of 3rd period - Puck is out of play.
3:54 of 3rd period - Nazem Kadri wins face-off versus Mark Scheifele in Devils zone.
4:07 of 3rd period - Wrist shot by Marian Gaborik.
4:07 of 3rd period - Shot Misses the Net.
4:09 of 3rd period - Wrist shot by Tyler Ennis.
4:09 of 3rd period - Shot Blocked by Mark Scheifele.
4:25 of 3rd period - Off-side.
4:26 of 3rd period - Brandon Sutter wins face-off versus Aleksander Barkov in neutral zone.
4:51 of 3rd period - Kristopher Letang is hit by Kyle Clifford.
5:04 of 3rd period - Minor Penalty to Tyler Ennis for Holding.
5:05 of 3rd period - Jamie Arniel wins face-off versus Mark Scheifele in Devils zone.
5:18 of 3rd period - Wrist shot by Kyle Clifford.
5:18 of 3rd period - Shot Misses the Net.
5:20 of 3rd period - Slapshot by Kyle Clifford.
5:20 of 3rd period - Goal by Kyle Clifford - Lightning : 3 - Devils : 6.
5:21 of 3rd period - Mark Scheifele wins face-off versus Jamie Arniel in neutral zone.
5:23 of 3rd period - Off-side.
5:24 of 3rd period - James Neal wins face-off versus Jamie Arniel in neutral zone.
6:10 of 3rd period - Wrist shot by Sergei Shirokov.
6:10 of 3rd period - Deflect By Jimmy Vesey.
6:10 of 3rd period - Shot Blocked by Marek Svatos.
6:10 of 3rd period - Puck is out of play.
6:11 of 3rd period - Aleksander Barkov wins face-off versus Erik Christensen in Devils zone.
6:20 of 3rd period - Wrist shot by Jonathan Huberdeau.
6:20 of 3rd period - Goal by Jonathan Huberdeau - Lightning : 3 - Devils : 7.
6:20 of 3rd period - Alex Nedeljkovic enters game.
6:21 of 3rd period - Mark Scheifele wins face-off versus Jamie Arniel in neutral zone.
6:26 of 3rd period - Slapshot by Justin Schultz.
6:26 of 3rd period - Stopped by Maxime Daigneault with a rebound.
6:28 of 3rd period - Snap shot by Kyle Clifford.
6:28 of 3rd period - Stopped by Maxime Daigneault with a rebound.
6:30 of 3rd period - Slapshot by Mark Scheifele.
6:30 of 3rd period - Deflect By James Neal.
6:30 of 3rd period - Shot Blocked by Kristopher Letang.
6:30 of 3rd period - Puck is out of play.
6:31 of 3rd period - Mark Scheifele wins face-off versus Jamie Arniel in Devils zone.
6:32 of 3rd period - Snap shot by Kyle Clifford.
6:32 of 3rd period - Stopped by Maxime Daigneault with a rebound.
6:34 of 3rd period - Slapshot by Shayne Gostisbehere.
6:34 of 3rd period - Shot Misses the Net.
6:57 of 3rd period - Icing by Justin Schultz.
6:58 of 3rd period - Nazem Kadri wins face-off versus Kyle Clifford in Lightning zone.
7:54 of 3rd period - Snap shot by Kyle Clifford.
7:54 of 3rd period - Deflect By Mark Scheifele.
7:54 of 3rd period - Stopped by Maxime Daigneault without a rebound.
7:55 of 3rd period - Nazem Kadri wins face-off versus Brandon Sutter in Devils zone.
8:12 of 3rd period - Wrist shot by Tyler Ennis.
8:12 of 3rd period - Stopped by Alex Nedeljkovic with a rebound.
8:26 of 3rd period - Wrist shot by Jamie Arniel.
8:26 of 3rd period - Shot Misses the Net.
9:40 of 3rd period - Off-side.
9:41 of 3rd period - Mark Scheifele wins face-off versus Anton Lander in neutral zone.
9:50 of 3rd period - Snap shot by Kyle Clifford.
9:50 of 3rd period - Stopped by Maxime Daigneault with a rebound.
11:10 of 3rd period - Nazem Kadri is hit by Brandon Sutter and loses puck.
11:20 of 3rd period - Nick Bjugstad is hit by Anton Stralman and loses puck.
12:07 of 3rd period - Wrist shot by James Neal.
12:07 of 3rd period - Shot Misses the Net.
12:37 of 3rd period - Wrist shot by Brandon Sutter.
12:37 of 3rd period - Goal by Brandon Sutter - Lightning : 4 - Devils : 7.
12:38 of 3rd period - Brandon Sutter wins face-off versus Nazem Kadri in neutral zone.
13:31 of 3rd period - Wrist shot by Kyle Clifford.
13:31 of 3rd period - Shot Misses the Net.
13:39 of 3rd period - Snap shot by Jesper Fast.
13:39 of 3rd period - Shot Misses the Net.
14:50 of 3rd period - Kevin Shattenkirk is hit by Jonathan Huberdeau and loses puck.
15:19 of 3rd period - Off-side.
15:20 of 3rd period - Anton Lander wins face-off versus Mark Scheifele in neutral zone.
15:39 of 3rd period - Wrist shot by Eric Tangradi.
15:39 of 3rd period - Shot Blocked by Cody Goloubef.
15:51 of 3rd period - Off-side.
15:52 of 3rd period - Conor Sheary wins face-off versus Nazem Kadri in neutral zone.
15:54 of 3rd period - Off-side.
15:55 of 3rd period - Nazem Kadri wins face-off versus Erik Christensen in neutral zone.
15:58 of 3rd period - Slapshot by Thomas Hickey.
15:58 of 3rd period - Stopped by Alex Nedeljkovic without a rebound.
15:59 of 3rd period - Nazem Kadri wins face-off versus Erik Christensen in Lightning zone.
16:11 of 3rd period - Snap shot by Jimmy Vesey.
16:11 of 3rd period - Shot Misses the Net.
16:25 of 3rd period - Kevin Shattenkirk is hit by Anton Stralman and loses puck.
16:32 of 3rd period - Slapshot by Justin Schultz.
16:32 of 3rd period - Shot Blocked by Kristopher Letang.
16:34 of 3rd period - Wrist shot by Kyle Clifford.
16:34 of 3rd period - Stopped by Maxime Daigneault with a rebound.
16:36 of 3rd period - Slapshot by Mark Scheifele.
16:36 of 3rd period - Shot Blocked by Kristopher Letang.
16:55 of 3rd period - Snap shot by Nick Bjugstad.
16:55 of 3rd period - Goal by Nick Bjugstad - Lightning : 5 - Devils : 7.
16:56 of 3rd period - Kyle Clifford wins face-off versus Aleksander Barkov in neutral zone.
16:59 of 3rd period - Jonathan Huberdeau is hit by Ondrej Palat and loses puck.
18:05 of 3rd period - Wrist shot by Jesper Fast.
18:05 of 3rd period - Shot Misses the Net.
18:24 of 3rd period - Kevin Shattenkirk is hit by Marek Svatos and loses puck.
19:03 of 3rd period - Minor Penalty to Nick Bjugstad for Hooking.
19:04 of 3rd period - Tyler Ennis wins face-off versus Kyle Clifford in Lightning zone.
19:13 of 3rd period - Wrist shot by Tyler Ennis.
19:13 of 3rd period - Stopped by Alex Nedeljkovic without a rebound.
19:14 of 3rd period - Nazem Kadri wins face-off versus Kyle Clifford in Lightning zone.
19:39 of 3rd period - Wrist shot by Marian Gaborik.
19:39 of 3rd period - Shot Hit the Post.
19:41 of 3rd period - Slapshot by Kristopher Letang.
19:41 of 3rd period - Deflect By Kyle Clifford.
19:41 of 3rd period - Goal by Kristopher Letang - Lightning : 5 - Devils : 8.
19:42 of 3rd period - Nazem Kadri wins face-off versus Brandon Sutter in neutral zone.
Goals for this period are 4 for Lightning vs 3 for Devils.
Shots for this period are 10 for Lightning vs 9 for Devils.